 Dungeon Crawl Stone Soup version 0.22-a0-422-g9628fc8 (webtiles) character file.

109 Kairos the Shield-Bearer (level 4, -1/24 HPs)
             Began as a Vine Stalker Fighter on May 17, 2018.
             Slain by Grinder (5 damage)
             ... on level 3 of the Dungeon.
             The game lasted 00:01:46 (1310 turns).

Kairos the Shield-Bearer (Vine Stalker Fighter)     Turns: 1310, Time: 00:01:48

Health: -1/24      AC:  6    Str: 19    XL:     4   Next: 89%
Magic:  0/5        EV:  7    Int:  8    God:
Gold:   124        SH:  9    Dex: 14    Spells: 3/3 levels left

rFire    + . .     SeeInvis .   q - +1 war axe (venom)
rCold    x . .     Gourm    .   c - +0 shield
rNeg     . . .     Faith    .   b - +0 scale mail
rPois    .         Spirit   +   (no helmet)
rElec    .         Reflect  .   (no cloak)
rCorr    .         Harm     +   (no gloves)
MR       .....                  (no boots)
Stlth    ..........             m - amulet of harm
HPRegen  0.48/turn              p - ring of fire
MPRegen  0.09/turn              (no ring)

@: no status effects
A: fangs 2, regeneration 1, magic shield, antimagic bite, no potion heal 3, rot
immunity
a: no special abilities


You were on level 3 of the Dungeon.
You were not hungry.

You visited 1 branch of the dungeon, and saw 4 of its levels.

You collected 124 gold pieces.

Inventory:

Hand Weapons
 a - a +0 war axe
 q - a +1 war axe of venom (weapon)
Armour
 b - a +0 scale mail (worn)
 c - a +0 shield (worn)
Jewellery
 m - an amulet of harm (around neck)
 p - a ring of fire (left hand)
Scrolls
 e - a scroll of fear {unknown}
 i - a scroll of amnesia {unknown}
 j - 2 scrolls of identify {unknown}
 k - 2 scrolls of teleportation {unknown}
 l - 2 scrolls of remove curse {unknown}
 n - a scroll of enchant armour {unknown}
 o - 2 scrolls of fog {unknown}
Potions
 d - 3 potions of might
 g - a potion of brilliance {unknown}
 h - 2 potions of ambrosia {unknown}
Comestibles
 f - 4 rations
 r - 3 chunks of flesh


   Skills:
 + Level 3.0 Fighting
 + Level 3.1 Axes
 + Level 3.1 Armour
 + Level 0.2 Dodging
 + Level 0.1 Stealth
 + Level 3.1 Shields


You had 3 spell levels left.
You didn't know any spells.
Your spell library was empty.

Dungeon Overview and Level Annotations

Branches:
Dungeon (4/15)
 Temple: D:4-7

Altars:

Annotations:
D:3 Grinder


Innate Abilities, Weirdness & Mutations

You have extremely sharp teeth.
Your natural rate of healing is unusually fast.
When hurt, damage is shared between your health and your magic reserves.
Your bite disrupts and absorbs the magic of your enemies.
Potions cannot restore your health.
You are immune to rotting.


Message History

Grinder is moderately wounded.
Grinder says, "Mostly I couldn't keep them alive."
You block Grinder's attack.
You hit Grinder. You bite Grinder, but do no damage.
Grinder is heavily wounded.
Grinder gestures at you.
You struggle to resist.
You slash Grinder! You bite Grinder.
Grinder's magic leaks into the air.
You drain her magic.
You feel invigorated.
Grinder is almost dead.
Grinder hits you.
* * * LOW HITPOINT WARNING * * *
Grinder falters for a moment.
You barely miss Grinder. You bite Grinder.
Grinder's magic leaks into the air.
You drain her magic.
You feel invigorated.
Grinder is almost dead.
Grinder hits you.
* * * LOW HITPOINT WARNING * * *
You writhe in agony.
You die...

#.####......###......#
..#.......#.# #.####.#
.†..#..#..#.###.#
.........##.....#
####...####.....# #
##...........####.#
#.....#..........#
+................#
#.....#.....@...##
#.....#<....5$.[....
....).#.#...........
.........#.###.
.#.#####.#.# ... .#.#
.< .# ##


You could see Grinder.

Vanquished Creatures
  An orc priest (D:3)
  An orc wizard (D:3)
  An adder (D:3)
  2 worms (D:2)
  2 leopard geckos
  3 orcs (D:3)
  5 bats
  4 goblins
  6 hobgoblins
  A quokka (D:3)
  A frilled lizard (D:1)
  4 kobolds
  3 rats (D:1)
34 creatures vanquished.

Notes
Turn   | Place    | Note
-------+----------+-------------------------------------------
     0 | D:1      | Kairos the Vine Stalker Fighter began the quest for the Orb.
     0 | D:1      | Reached XP level 1. HP: 11/11 MP: 2/2
   136 | D:1      | Reached XP level 2. HP: 13/16 MP: 1/3
   889 | D:2      | Reached XP level 3. HP: 19/19 MP: 4/4
   936 | D:2      | You fall through a shaft for 2 floors!
  1186 | D:3      | Gained mutation: Your natural rate of healing is unusually fast. [Vine Stalker growth]
  1186 | D:3      | Reached XP level 4. HP: 11/24 MP: 3/5
  1300 | D:3      | Noticed Grinder
  1310 | D:3      | Slain by Grinder

Vault maps used:
D:1:      grunt_arrival_lava_bath
D:2:      first_ration
D:3:      kennysheep_jessica_study, uniq_grinder, uniq_robin, uniq_sigmund
D:4:      wad_pebble_path, okawaru_trees_2, minmay_temple_entry_hall,
          serial_shops, nicolae_shop_statue_plus

Skill      XL: |  1  2  3  4 |
---------------+-------------+-----
Axes           | 2 3 |  3.1
Shields        | 3 |  3.1
Fighting       | 3 |  3.0
Armour         | 3 |  3.1
Dodging        | |  0.2
Stealth        | |  0.1

Action                   |  1- 3 |  4- 6 || total
-------------------------+-------+-------++-------
Melee: War axe           |    59 |    27 ||    86
       Bite              |     9 |    10 ||    19
  Eat: Chunk             |       |     1 ||     1
Armor: Scale mail        |    24 |     7 ||    31
Dodge: Dodged            |    10 |     7 ||    17
Block: Shield            |    20 |    16 ||    36

Table legend:
 A = Spawn XP
 B = Non-spawn XP
 C = Spawn XP percentage of total XP
 D = Spawn monster count
 E = Non-spawn monster count
 F = Spawn count percentage of total count
 G = Total turns spent on level
                    A         B        C        D         E        F      G
               +---------+---------+-------+---------+---------+-------+---------
         Total |       0 |     156 |   0.0 |       0 |      34 |   0.0 |  1310
               +---------+---------+-------+---------+---------+-------+---------
           D:1 |       0 |      27 |   0.0 |       0 |      17 |   0.0 |   812
           D:2 |       0 |      14 |   0.0 |       0 |       5 |   0.0 |   124
           D:3 |       0 |     112 |   0.0 |       0 |      11 |   0.0 |   324
           D:4 |       0 |       3 |   0.0 |       0 |       1 |   0.0 |    50
               +---------+---------+-------+---------+---------+-------+---------
